 Dungeon Crawl Stone Soup version 0.27.0-1-g7a089689b8 (webtiles) character file.

Game seed: 9144102666778807576

74820 Sin92 the Severer (level 15, -1/135 HPs)
             Began as a Minotaur Fighter on Aug 1, 2021.
             Was the Champion of Okawaru.
             Killed by divine providence
             ... invoked by an orc high priest
              (8 damage)
             ... while paralysed by an orc sorcerer
             ... on level 2 of the Orcish Mines on Aug 2, 2021.
             The game lasted 00:42:16 (21221 turns).

Sin92 the Severer (Minotaur Fighter)               Turns: 21221, Time: 00:42:16

Health: -1/135     AC: 29    Str: 31    XL:     15   Next: 7%
Magic:  20/20      EV:  2    Int:  5    God:    Okawaru [******]
Gold:   1601       SH:  0    Dex: 21    Spells: 14/14 levels left

rFire    . . .     SeeInvis .   p - +9 broad axe (spect)
rCold    . . .     Faith    .   c - +0 kite shield
rNeg     + . .     Spirit   .   n - +1 plate armour
rPois    +         Reflect  .   k - +0 hat
rElec    .         Harm     .   A - +2 cloak "Agin" {rN+}
rCorr    .         Rampage  .   J - +2 pair of gloves {Dex+3}
Will     +....                  K - +2 pair of boots
Stlth    ..........             B - amulet of the acrobat
HPRegen  0.32/turn              g - +6 ring of strength
MPRegen  0.17/turn              o - +6 ring of dexterity

@: paralysed, marked
A: horns 2, retaliatory headbutt, talons 1, iridescent scales 1, poison
resistance, sturdy frame 1
a: Renounce Religion, Heroism, Finesse


You were on level 2 of the Orcish Mines.
You worshipped Okawaru.
Okawaru was exalted by your worship.
You visited 4 branches of the dungeon, and saw 21 of its levels.
You also visited: Ossuary and Ice Cave.

You collected 2027 gold pieces.
You spent 426 gold pieces at shops.

Inventory:

Hand Weapons
 p - a +9 spectral broad axe (weapon)
 M - the +4 morningstar of Sloth {venom, +Blink +Rage}
   (You found it on level 4 of the Lair of Beasts)

   It poisons the flesh of those it strikes.
   +Blink:    It lets you blink.
   +Rage:     It lets you go berserk.
 O - the +6 whip of Intuition {vamp, Dex+3}
   (You found it on level 4 of the Lair of Beasts)

   It occasionally heals its wielder for a portion of the damage dealt when it
   wounds a living foe.
   Dex:       It affects your dexterity (+3).
Missiles
 t - 4 silver javelins
 E - 6 javelins (quivered)
 G - 7 throwing nets
Armour
 c - a +0 kite shield (worn)
 k - a +0 hat (worn)
 n - a +1 plate armour (worn)
 q - a +2 pair of gloves of stealth
 A - the +2 cloak "Agin" (worn) {rN+}
   (Okawaru gifted it to you on level 4 of the Lair of Beasts)

   rN:        It protects you from negative energy.
 J - a +2 pair of gloves of dexterity (worn)
 K - a +2 pair of boots (worn)
Jewellery
 g - a +6 ring of strength (left hand)
 o - a +6 ring of dexterity (right hand)
 u - a ring of the Octopus King {Wiz AC+1 EV+1 Str+1 Int+1 Dex+1}
   (You took it off a centaur warrior on level 9 of the Dungeon)

   [ring of wizardry]

   It improves your spell success rate.
   AC:        It affects your AC (+1).
   EV:        It affects your evasion (+1).
   Str:       It affects your strength (+1).
   Int:       It affects your intelligence (+1).
   Dex:       It affects your dexterity (+1).
 w - a ring of resist corrosion
 x - a ring of positive energy
 z - a ring of willpower
 B - an amulet of the acrobat (around neck)
 D - an amulet of guardian spirit
 F - a ring of ice
Wands
 a - a wand of acid (10)
 i - a wand of mindburst (44)
 I - a wand of polymorph (6)
Scrolls
 h - 8 scrolls of teleportation
 l - 4 scrolls of enchant armour
 m - 2 scrolls of enchant weapon
 s - a scroll of magic mapping
 v - a scroll of blinking
 y - 3 scrolls of identify
 L - a scroll of fog
 N - a scroll of holy word
 P - a scroll of fear
Potions
 b - 3 potions of haste
 d - 3 potions of might
 e - a potion of resistance
 f - 5 potions of curing
 j - a potion of ambrosia
 r - 3 potions of invisibility
 C - 4 potions of heal wounds
 H - a potion of magic
 Q - 2 potions of brilliance


   Skills:
 + Level 13.1 Fighting
 * Level 17.0 Axes
 + Level 13.0 Armour
 + Level 11.5 Dodging
 + Level 12.9 Shields
 + Level 8.1 Invocations


You had 14 spell levels left.
You didn't know any spells.
Your spell library contained the following spells:

 Spells                   Type           Power      Damage    Failure   Level
 Beastly Appendage        Tmut           0%         N/A       95%         1
 Foxfire                  Conj/Fire      0%         2x1d4     95%         1
 Freeze                   Ice            0%         1d3       95%         1
 Pain                     Necr           0%         1d4       95%         1
 Ensorcelled Hibernation  Hex/Ice        0%         N/A       99%         2
 Wereblood                Tmut           0%         N/A       99%         2
 Conjure Flame            Conj/Fire      0%         6-21      100%        3
 Dazzling Flash           Conj/Hex       0%         N/A       100%        3
 Inner Flame              Hex/Fire       0%         N/A       100%        3
 Ozocubu's Armour         Ice            0%         N/A       100%        3
 Spider Form              Tmut/Pois      0%         N/A       100%        3
 Airstrike                Air            0%         N/A       100%        4
 Animate Dead             Necr           0%         N/A       100%        4
 Ice Form                 Ice/Tmut       0%         N/A       100%        4
 Iskenderun's Mystic Bla  Conj/Tloc      0%         2d3       100%        4
 Passage of Golubria      Tloc           N/A        N/A       100%        4
 Summon Lightning Spire   Summ/Air       0%         N/A       100%        4
 Agony                    Necr           0%         N/A       100%        5
 Borgnjor's Vile Clutch   Necr/Erth      0%         N/A       100%        5
 Excruciating Wounds      Necr           0%         N/A       100%        5
 Freezing Cloud           Conj/Ice/Air   0%         6-21      100%        5
 Lightning Bolt           Conj/Air       0%         1d11      100%        5
 Silence                  Hex/Air        0%         N/A       100%        5
 Death Channel            Necr           0%         N/A       100%        6
 Shadow Creatures         Summ           N/A        N/A       100%        6
 Starburst                Conj/Fire      0%         8x6d3     100%        6
 Ozocubu's Refrigeration  Ice            0%         4d5       100%        7
 Lehudib's Crystal Spear  Conj/Erth      0%         10d2      100%        8
 Polar Vortex             Ice            0%         N/A       100%        9


Dungeon Overview and Level Annotations

Branches:
Dungeon (12/15)            Temple (1/1) D:5            Lair (6/6) D:11
 Shoals (0/4) Lair:3        Snake (0/4) Lair:3        Slime (0/5) Lair:5
    Orc (2/2) D:12        Ossuary (visited)           IceCv (visited)
    Elf: Orc:2

Altars:
Ashenzari
Cheibriados
Dithmenos
Elyvilon
Fedhas
Gozag
Hepliaklqana
Kikubaaqudgha
Makhleb
Nemelex Xobeh
Okawaru
Qazlal
Ru
Sif Muna
Trog
Uskayaw
Vehumet
Wu Jian
Xom
Yredelemnul
Zin
The Shining One
Jiyva

Shops:
D:1 :   D:3 [   D:6 [   D:11 [

Annotations:
D:7 2 transporters, mandarbmax's ghost, novice DsVM
Orc:2 Nergalle; Saint Roka


Innate Abilities, Weirdness & Mutations

You have a pair of horns on your head.
You reflexively headbutt those who attack you in melee.
You have sharp toenails.
You are partially covered in iridescent scales. (AC +2)
Your system is resistant to poisons. (rPois)
Your movements are slightly less encumbered by armour. (ER -2)


Message History

An orc priest comes into view. It is wielding a +0 short sword.
Nergalle points at the orc and mumbles some strange words.
The orc seems to speed up.
The spectral orc warrior hits you but does no damage.
An orc priest comes into view. It is wielding a +0 war axe.
The orc knight hits you but does no damage.
The orc warrior hits you from afar with a +2 halberd of protection!
The spectral orc warrior hits you but does no damage.
The orc high priest hits you with a +0 war axe of electrocution!
The orc warrior hits you with a +0 mace.
The orc knight roars a battlecry!
Saint Roka mumbles some strange prayers to Beogh against you.
Beogh smites you!
Nergalle gestures at Saint Roka while chanting.
The spectral orc warrior hits you but does no damage.
An orc wizard comes into view. It is wielding a +0 dagger.
The orc warrior hits you with a +0 war axe.
The orc warrior barely misses you.
An orc wizard comes into view.
It is wielding a +0 dagger of protection.
The orc knight roars a battlecry!
The orc sorcerer goes into a battle-frenzy!
The orc warrior barely misses you.
The spectral orc warrior hits you but does no damage.
The orc high priest hits you but does no damage.
You are electrocuted!
The orc warrior completely misses you.
The orc warrior hits you with a +0 war axe!
* * * LOW HITPOINT WARNING * * *
The spectral orc warrior hits you but does no damage.
An orc priest comes into view. It is wielding a +0 hand axe.
The orc warrior hits you but does no damage.
The orc warrior hits you from afar with a +2 halberd of protection!
* * * LOW HITPOINT WARNING * * *
The orc knight hits you with a +0 war axe!
* * * LOW HITPOINT WARNING * * *
The orc warrior hits you but does no damage.
An orc wizard comes into view. It is wielding a +0 dagger.
The spectral orc warrior hits you but does no damage.
The orc high priest calls down the wrath of Beogh upon you.
Beogh smites you!
You die...

...#......# ..
..#.#....# ...
#.......#
#...#.......##
#...##.......##
.....#..<.....#
........o.o.####
.......Zoo)o..8o
._...#))@oo#..o.


.......ooooooOoo ......Z)o.oo.ooo ...#...#.##o..8o .. ##.#### ##### # .. ...
#.## You could see Saint Roka (strong), an orc knight (strong), Nergalle
(strong), an orc high priest (strong), 2 spectral orc warriors, 2 orc sorcerers,
11 orc warriors, an ogre, 3 orc priests, 3 orc wizards and an orc (fast,
strong).

Vanquished Creatures
  A reaper (IceCv)
  2 fire dragons
  Harold (D:7)
  3 boulder beetles
  4 hydras
  A centaur warrior (D:9)
  2 catoblepae
  2 two-headed ogres
  19 death yaks
  A tengu warrior (D:9)
  Pikel (D:8)
  2 orc knights
  A lindwurm (Lair:6)
  A necromancer (Lair:2)
  A deep elf pyromancer (D:12)
  2 oklob plants (Lair:4)
  5 cyclopes
  A merfolk siren (Lair:3)
  3 elephants (Lair:4)
  8 black mambas
  An ice statue (IceCv)
  2 molten gargoyles (Lair:6)
  21 cane toads
  9 rime drakes
  18 komodo dragons
  2 anaconda simulacra (IceCv)
  A freezing wraith (IceCv)
  An entropy weaver simulacrum (IceCv)
  2 ice devils (IceCv)
  3 polar bears
  6 trolls
  3 merfolk (Lair:3)
  8 blink frogs
  15 dream sheep
  Prince Ribbit (D:6)
  A shadow (D:12)
  A vampire (D:12)
  2 wraiths (D:12)
  Eustachio (D:6)
  A water elemental (D:11)
  6 wyverns
  3 basilisks (Lair:6)
  39 yaks
  9 steam dragons
  2 death yak simulacra (IceCv)
  A warg (Orc:1)
  3 nagas (Lair:3)
  3 acid dragons
  4 hell hounds (Lair:6)
  9 orc warriors
  18 water moccasins
  A black bear (D:7)
  A hornet zombie (D:9)
  3 ogres
  8 wolves
  2 necrophages
  3 lemures
  8 centaurs
  A phantom (D:4)
  7 kobold brigands
  Blork the orc (D:6)
  6 two-headed ogre simulacra (IceCv)
  14 bullfrogs
  A scorpion (Lair:4)
  2 gnoll sergeants
  A wyvern zombie (D:7)
  2 cane toad simulacra (IceCv)
  A wyvern skeleton (D:7)
  6 killer bees (D:9)
  4 wights (D:8)
  5 howler monkeys
  2 electric eels (D:11)
  2 vampire bats (D:12)
  5 lava snakes (Lair:6)
  3 bullfrog zombies
  A centaur zombie (D:10)
  5 hounds
  6 orc priests
  2 jellies
  3 bullfrog skeletons (D:6)
  A centaur skeleton (D:5)
  Terence (D:3)
  Jessica (D:3)
  3 iguanas
  11 orc wizards
  A scorpion zombie (D:5)
  5 polar bear simulacra
  8 spriggan simulacra (IceCv)
  3 yak simulacra (Lair:2)
  7 troll simulacra (IceCv)
  2 killer bee zombies
  2 wolf simulacra
  2 hound skeletons
  12 mummies
  A howler monkey zombie (D:8)
  13 gnolls
  4 naga simulacra (IceCv)
  9 adders
  2 shadow imps (D:6)
  5 white imps (IceCv)
  3 ufetubi (IceCv)
  A worm (D:2)
  3 dart slugs (D:1)
  32 orcs
  5 ball pythons
  5 bats
  4 bat skeletons (D:12)
  2 bat zombies (D:12)
  7 endoplasms
  5 giant cockroaches
  13 hobgoblins
  15 jackals
  18 kobolds
  6 quokkas
  4 frilled lizards
  3 gnoll skeletons (Ossuary)
  4 goblins
  3 goblin skeletons (Ossuary)
  A kobold skeleton (Ossuary)
  An orc skeleton (Ossuary)
  11 rats
  11 rat skeletons (Ossuary)
  4 river rat simulacra (Lair:2)
  A spectral kobold (D:2)
618 creatures vanquished.

Vanquished Creatures (others)
  A basilisk (Lair:6)
  29 fungi
  45 plants
75 creatures vanquished.

Grand Total: 693 creatures vanquished

Notes
Turn   | Place    | Note
-------+----------+-------------------------------------------
     0 | D:1      | Sin92 the Minotaur Fighter began the quest for the Orb.
     0 | D:1      | Reached XP level 1. HP: 19/19 MP: 0/0
   121 | D:1      | Reached XP level 2. HP: 27/27 MP: 1/1
   153 | D:1      | Reached skill level 3 in Axes
   206 | D:1      | Found Kuxobra's Book Boutique.
   442 | D:1      | Reached XP level 3. HP: 31/33 MP: 2/2
   497 | D:1      | Reached skill level 1 in Dodging
   759 | D:1      | Identified a scroll of acquirement
   759 | D:1      | Acquired a +6 ring of strength
   885 | D:2      | Found a faded altar of an unknown god.
  1280 | D:2      | Reached XP level 4. HP: 39/39 MP: 3/3
  1824 | D:3      | Found Cyom's Armour Emporium.
  2115 | D:3      | Noticed Jessica
  2118 | D:3      | Killed Jessica
  2119 | D:3      | Reached skill level 4 in Axes
  2379 | D:3      | Reached XP level 5. HP: 44/47 MP: 4/4
  2531 | D:3      | Noticed Terence
  2540 | D:3      | Killed Terence
  2945 | D:4      | Reached XP level 6. HP: 39/53 MP: 5/5
  3197 | D:4      | Reached skill level 5 in Axes
  3217 | D:4      | Reached skill level 5 in Shields
  3473 | D:4      | Reached skill level 5 in Fighting
  3485 | D:4      | Reached skill level 5 in Armour
  3572 | D:4      | Reached XP level 7. HP: 57/61 MP: 6/6
  3661 | D:5      | Entered Level 5 of the Dungeon
  3662 | D:5      | Acquired a +4 broad axe of venom
  3707 | D:5      | Found a staircase to the Ecumenical Temple.
  3732 | D:5      | Reached skill level 6 in Axes
  3761 | Temple   | Entered the Ecumenical Temple
  4114 | D:5      | Found a bloodstained altar of Trog.
  4306 | D:5      | Found a sand-covered staircase.
  4315 | Ossuary  | Entered an ossuary
  4534 | Ossuary  | Reached XP level 8. HP: 59/70 MP: 7/7
  5078 | D:5      | Reached skill level 7 in Axes
  5224 | D:6      | Noticed Prince Ribbit
  5230 | D:6      | Killed Prince Ribbit
  5282 | D:6      | Found Teg Vaux's Armour Shoppe.
  5286 | D:6      | Noticed Blork the orc
  5292 | D:6      | Killed Blork the orc
  5297 | D:6      | Reached skill level 8 in Axes
  5570 | D:6      | Noticed Eustachio
  5581 | D:6      | Killed Eustachio
  5670 | D:6      | Reached XP level 9. HP: 78/78 MP: 8/8
  6063 | D:7      | Found a burning altar of Makhleb.
  6100 | D:7      | Found a bloodstained altar of Trog.
  6113 | D:7      | Reached skill level 5 in Dodging
  6169 | D:7      | Noticed Harold
  6174 | D:7      | Killed Harold
  6175 | D:7      | Reached skill level 9 in Axes
  6327 | D:7      | Found a transporter.
  6334 | D:7      | Noticed mandarbmax's ghost (novice DsVM)
  6363 | D:7      | Found a transporter.
  6613 | D:7      | Found a shadowy altar of Dithmenos.
  6623 | D:7      | Reached skill level 10 in Axes
  6928 | D:7      | Gained mutation: You have sharp toenails. [potion of
                  | mutation]
  6928 | D:7      | Gained mutation: Your system is resistant to poisons.
                  | (rPois) [potion of mutation]
  6928 | D:7      | Gained mutation: Your movements are slightly less
                  | encumbered by armour. (ER -2) [potion of mutation]
  6928 | D:7      | Gained mutation: You are partially covered in iridescent
                  | scales. (AC +2) [potion of mutation]
  6953 | D:8      | Noticed Pikel
  6962 | D:8      | Killed Pikel
  6963 | D:8      | Reached XP level 10. HP: 76/88 MP: 9/9
  7912 | D:5      | Found a sacrificial altar of Ru.
  8311 | D:9      | Noticed a cyclops
  8316 | D:9      | Killed a cyclops
  8497 | D:9      | Noticed a five-headed hydra
  8502 | D:9      | Killed a seven-headed hydra
  8503 | D:9      | Reached skill level 11 in Axes
  8570 | D:9      | Found the ring of the Octopus King {Wiz AC+1 EV+1 Str+1
                  | Int+1 Dex+1}
  8570 | D:9      | Noticed a centaur warrior
  8572 | D:9      | Noticed a cyclops
  8575 | D:9      | Killed a centaur warrior
  8578 | D:9      | Killed a cyclops
  8681 | D:9      | Noticed a tengu warrior
  8685 | D:9      | Killed a tengu warrior
  8821 | D:9      | Noticed a fire dragon
  8829 | D:9      | Killed a fire dragon
  8830 | D:9      | Reached XP level 11. HP: 84/97 MP: 10/10
  8833 | D:9      | Reached skill level 12 in Axes
  9101 | D:9      | Found an iron altar of Okawaru.
  9101 | D:9      | Found a broken altar of Ashenzari.
  9349 | D:9      | Became a worshipper of Warmaster Okawaru
  9385 | D:10     | Entered Level 10 of the Dungeon
  9839 | D:10     | Identified the +1 ring mail of the Hippo {Fly rN+++ Dex-5
                  | Stlth-}
 10352 | D:11     | Found Lutay's Antique Armour Shoppe.
 10360 | D:11     | Bought a runed cloak for 142 gold pieces
 10360 | D:11     | Bought a pair of embroidered gloves for 142 gold pieces
 10360 | D:11     | Bought a pair of embroidered boots for 142 gold pieces
 10377 | D:11     | Noticed a boulder beetle
 10389 | D:11     | Killed a boulder beetle
 10389 | D:11     | Reached * piety under Okawaru
 10390 | D:11     | Reached skill level 1 in Invocations
 10498 | D:11     | Found a staircase to the Lair.
 10758 | D:11     | Noticed a two-headed ogre
 10763 | D:11     | Killed a two-headed ogre
 10763 | D:11     | Reached ** piety under Okawaru
 10786 | D:11     | Noticed a boulder beetle
 10797 | D:11     | Killed a boulder beetle
 10798 | D:11     | Reached skill level 10 in Fighting
 11229 | D:12     | Noticed a deep elf pyromancer
 11230 | D:12     | Noticed a boulder beetle
 11235 | D:12     | Reached skill level 13 in Axes
 11235 | D:12     | Reached skill level 10 in Shields
 11235 | D:12     | Killed a deep elf pyromancer
 11253 | D:12     | Reached *** piety under Okawaru
 11254 | D:12     | Killed a boulder beetle
 11255 | D:12     | Reached skill level 10 in Armour
 11266 | D:12     | Reached XP level 12. HP: 32/106 MP: 13/13
 11632 | D:12     | Noticed a two-headed ogre
 11638 | D:12     | Killed a two-headed ogre
 11974 | D:12     | Found a staircase to the Orcish Mines.
 12209 | D:12     | Reached **** piety under Okawaru
 12581 | D:12     | Found an ancient bone altar of Kikubaaqudgha.
 12819 | Lair:1   | Entered Level 1 of the Lair of Beasts
 13225 | Lair:1   | Reached ***** piety under Okawaru
 13230 | Lair:1   | Reached skill level 14 in Axes
 13658 | Lair:2   | Received a gift from Okawaru
 14287 | Lair:2   | Reached skill level 5 in Invocations
 14357 | Lair:3   | Found a staircase to the Snake Pit.
 14446 | Lair:3   | Reached XP level 13. HP: 115/116 MP: 15/15
 14990 | Lair:3   | Received a gift from Okawaru
 15246 | Lair:3   | Found a staircase to the Shoals.
 15664 | Lair:4   | Identified the +2 cloak "Agin" {rN+} (Okawaru gifted it to
                  | you on level 4 of the Lair of Beasts)
 15664 | Lair:4   | Received a gift from Okawaru
 15794 | Lair:4   | Reached skill level 10 in Dodging
 15801 | Lair:4   | Reached skill level 15 in Axes
 16120 | Lair:4   | Identified the +4 morningstar of Sloth {venom, +Blink
                  | +Rage}
 16185 | Lair:4   | Identified the +6 whip of Intuition {vamp, Dex+3}
 16516 | Lair:4   | Reached ****** piety under Okawaru
 17382 | Lair:5   | Found a gate leading to a gauntlet.
 17724 | Lair:5   | Identified the +6 battleaxe of the Shoals {vorpal, rC+
                  | Str+2 Int+3 Dex+4} (Okawaru gifted it to you on level 5 of
                  | the Lair of Beasts)
 17724 | Lair:5   | Received a gift from Okawaru
 17896 | Lair:5   | Reached XP level 14. HP: 126/126 MP: 16/18
 18057 | Lair:5   | Found a viscous altar of Jiyva.
 18057 | Lair:5   | Found a staircase to the Slime Pits.
 18122 | Lair:5   | Acquired 587 gold pieces
 18148 | Lair:6   | Entered Level 6 of the Lair of Beasts
 18254 | Lair:6   | Received a gift from Okawaru
 18255 | Lair:6   | Reached skill level 16 in Axes
 18514 | Lair:6   | Found a frozen archway.
 18563 | IceCv    | Entered an ice cave
 18894 | IceCv    | Identified the +8 great sword of Siucrusa {antimagic, rC+}
 19150 | IceCv    | Got Luvinekk's Collected Works on the Glacier
 19158 | IceCv    | Noticed a reaper
 19171 | IceCv    | Killed a reaper
 19672 | Lair:6   | Found a large runed translucent door.
 19854 | Lair:6   | Found a large runed translucent door.
 20169 | Lair:6   | Received a gift from Okawaru
 20342 | Lair:6   | Reached XP level 15. HP: 97/135 MP: 18/20
 20344 | Lair:6   | Reached skill level 17 in Axes
 20920 | Orc:1    | Entered Level 1 of the Orcish Mines
 21200 | Orc:2    | Entered Level 2 of the Orcish Mines
 21200 | Orc:2    | Found a radiant altar of Vehumet.
 21211 | Orc:2    | Noticed Nergalle
 21213 | Orc:2    | Noticed Saint Roka
 21216 | Orc:2    | Paralysed by an orc sorcerer for 5 turns
 21221 | Orc:2    | Killed from afar by an orc high priest

Illustrated notes

Levels and vault maps discovered:
D:1:      dpeg_arrival_rhombus, layout_basic, serial_shops, shop_fountains
D:2:      layout_basic, dreamdust_ecumenical_altar_drowned_temple
D:3:      layout_basic, serial_shops, nicolae_shop_waterfront, uniq_jessica,
          uniq_terence
D:4:      layout_rooms
D:5:      layout_rooms, trog_butcher_becter, nicolae_overflow_hidden_temple,
          temple_green, gup_ossuary_entry_pyramid, kennysheep_cross_bottleneck
D:6:      layout_loops_ring, serial_shops, nicolae_square_shop, uniq_eustachio,
          uniq_blork_the_orc, uniq_prince_ribbit1
D:7:      layout_basic, old_standard_altar, mainiacjoe_overflow_paths,
          gammafunk_ghost_stat_death, hangedman_decor_lopped,
          minmay_ruined_shrine, uniq_harold
D:8:      layout_loops_ring, kennysheep_generic_room_8, uniq_pikel
D:9:      layout_roguey, gammafunk_temple_overflow_elements, grunt_ministairs_2,
          small_chamber_with_monster, minmay_diamond_spiral
D:10:     layout_loops_ring, hangedman_corner_corridor
D:11:     layout_big_octagon, lair_entry_dummy, serial_column_ruins,
          column_ruins_hut_pillars, column_ruins_columns_straight,
          column_ruins_open_small, column_ruins_corridor_corner,
          column_ruins_open_tiny, serial_shops, shop, serial_bayou_pond_d
D:12:     layout_basic, kennysheep_orc_monster_closet_entryway,
          kennysheep_vampire_church
Temple:   eino_temple_scatter_basement
Lair:1:   layout_long_grid, serial_bayou_pond_b, beast_lair_carwin_6,
          lemuel_fruit_fields, lemuel_fruit_fields
Lair:2:   layout_roguey, st_stairs_8, nicolae_quartered_pool_little,
          chequers_serial_rivers_micro_d, eino_house_with_fridge
Lair:3:   layout_regular_city, elwin_shoals_entry_stream,
          guppyfry_snake_entry_island, bobbens_dragon_lair_wall,
          infiniplex_staircase_pool_2
Lair:4:   layout_cave_pods, minivault_19, lemuel_fruit_fields,
          minmay_lair_oklob_chamber
Lair:5:   layout_roguey, dpeg_slime_entry_enclosed_altar, gauntlet_entry_generic
Lair:6:   cheibrodos_lair_end_hotspot, layout_regular_city,
          portal_ice_cave_entry_pillars_1
Orc:1:    layout_caves
Orc:2:    grunt_orc_cross, layout_caves, basic_altar

Skill      XL: |  1  2  3  4  5  6  7  8  9 10 11 12 13 14 15 |
---------------+----------------------------------------------+-----
Axes           | 3 4 5 6 8 10 11 13 14 15 16 17 | 17.0
Shields        | 4 5 6 8 9 10 11 12 | 12.9
Dodging        | 1 2 3 4 6 7 8 9 10 11 | 11.5
Fighting       | 4 5 6 8 9 10 11 12 13 | 13.1
Armour         | 4 5 6 7 9 10 11 12 13 | 13.0
Invocations    | 3 5 6 8 |  8.1

Action                   |  1- 3 |  4- 6 |  7- 9 | 10-12 | 13-15 || total
-------------------------+-------+-------+-------+-------+-------++-------
Melee: War axe           |    91 |    61 |       |       |       ||   152
       Headbutt          |    10 |    31 |    38 |   112 |   119 ||   310
       Hand axe          |       |    86 |     2 |       |       ||    88
       Broad axe         |       |       |   173 |   294 |   375 ||   842
       Kick              |       |       |       |    34 |       ||    34
       Flail             |       |       |       |     2 |       ||     2
       Whip              |       |       |       |       |     7 ||     7
Invok: Finesse           |       |       |       |       |     1 ||     1
  Use: Scroll            |     2 |     6 |     6 |    13 |     4 ||    31
       Potion            |       |       |     5 |       |       ||     5
 Stab: Distracted        |       |       |     1 |     2 |    12 ||    15
Armor: Scale mail        |    53 |     8 |       |       |       ||    61
       Plate armour      |       |    68 |    69 |    68 |   112 ||   317
Dodge: Dodged            |    40 |    39 |    34 |   118 |   142 ||   373
Block: Kite shield       |    70 |    74 |    81 |   186 |   176 ||   587
